 Dungeon Crawl Stone Soup version 0.29-a0-322-g68df515428 (webtiles) character file.

Game seed: 10959197209814876717

9758 kae the Arsonist (level 11, -5/64 HPs)
             Began as a Tengu Fire Elementalist on Apr 7, 2022.
             Was a Believer of Sif Muna.
             Slain by a komodo dragon (23 damage)
             ... on level 9 of the Dungeon.
             The game lasted 00:10:47 (15299 turns).

kae the Arsonist (Tengu Fire Elementalist)         Turns: 15299, Time: 00:10:47

Health: -5/64      AC:  9    Str:  8    XL:     11   Next: 51%
Magic:  0/21       EV: 18    Int: 19    God:    Sif Muna [**....]
Gold:   702        SH:  5    Dex: 16    Spells: 5/22 levels left

rFire   . . .      SeeInvis .   t - +3 whip (elec)
rCold   x . .      Faith    .   c - +0 buckler "Jedghizy" {rPois rC- rN+ Regen+ Slay+6}
rNeg    + . .      Spirit   +   a - +1 robe
rPois   +          Reflect  .   (helmet restricted)
rElec   .          Harm     .   m - +1 cloak
rCorr   .          Rampage  .   (no gloves)
Will    +....                   (boots unavailable)
Stlth   ++........              q - amulet of guardian spirit
HPRegen 1.00/turn               v - ring of willpower
MPRegen 0.17/turn               n - +4 ring of protection

@: flying quickly and evasively, quick
A: beak, talons 3, nimble flight
a: Renounce Religion, Channel Magic


You were on level 9 of the Dungeon.
You worshipped Sif Muna.
Sif Muna was pleased with you.
You visited 3 branches of the dungeon, and saw 12 of its levels.

You collected 702 gold pieces.

Inventory:

Hand Weapons
 i - a +0 hand axe of chaos
 p - a +0 hand axe of electrocution
 t - a +3 whip of electrocution (weapon)
Armour
 a - a +1 robe (worn)
 c - the +0 buckler "Jedghizy" (worn) {rPois rC- rN+ Regen+ Slay+6}
   (You acquired it on level 2 of the Dungeon)

   Slay:      It affects your accuracy & damage with ranged weapons and melee
   (+6).
   rC:        It makes you vulnerable to cold.
   rPois:     It protects you from poison.
   rN:        It protects you from negative energy.
   Regen:     It increases your rate of health regeneration.
 m - a +1 cloak (worn)
Jewellery
 n - a +4 ring of protection (right hand)
 q - an amulet of guardian spirit (around neck)
 v - a ring of willpower (left hand)
 w - a +6 ring of dexterity
 x - a ring of wizardry
 B - a ring of wizardry
 E - a ring of ice
Wands
 d - a wand of iceblast (11)
 l - a wand of flame (22)
 z - a wand of mindburst (2)
 A - a wand of acid (13)
Scrolls
 j - 2 scrolls of teleportation
 k - 2 scrolls of enchant armour
 o - 2 scrolls of enchant weapon
 r - 2 scrolls of vulnerability
 y - a scroll of fog
Potions
 b - 3 potions of magic
 e - 7 potions of curing
 f - 3 potions of lignification
 g - 2 potions of degeneration
 h - 2 potions of haste
 s - 2 potions of flight
 u - a potion of ambrosia
 C - a potion of invisibility
 D - 2 potions of mutation


   Skills:
 + Level 6.1 Fighting
 + Level 6.7 Armour
 + Level 7.3 Dodging
 - Level 2.0 Stealth
 - Level 4.0 Shields
 + Level 6.0 Spellcasting
 + Level 8.3 Conjurations
 + Level 10.3 Fire Magic
 + Level 2.7 Invocations
 + Level 3.1 Evocations


You had 5 spell levels left.
You knew the following spells:

 Your Spells              Type           Power      Damage    Failure   Level
a - Foxfire               Conj/Fire      100%       2x1d9     1%          1
b - Scorch                Fire           90%        2d9       1%          2
c - Conjure Flame         Conj/Fire      41%        6-21      1%          3
d - Inner Flame           Hex/Fire       25%        N/A       4%          3
e - Flame Wave            Conj/Fire      41%        2d9       3%          4
f - Sticky Flame          Conj/Fire      41%        2d6       3%          4

Your spell library contained the following spells:

 Spells                   Type           Power      Damage    Failure   Level
 Static Discharge         Conj/Air       21%        N/A       3%          2
 Animate Skeleton         Necr           10%        N/A       14%         1
 Apportation              Tloc           10%        N/A       14%         1
 Summon Small Mammal      Summ           20%        N/A       14%         1
 Gell's Gravitas          Tloc           5%         N/A       38%         3
 Portal Projectile        Hex/Tloc       10%        N/A       38%         3
 Teleport Other           Tloc           5%         N/A       38%         3
 Tukima's Dance           Hex            5%         N/A       38%         3
 Animate Dead             Necr           2%         N/A       80%         4
 Dispel Undead            Necr           5%         3d7       80%         4
 Passage of Golubria      Tloc           5%         N/A       80%         4
 Blade Hands              Tmut           2%         N/A       98%         5
 Excruciating Wounds      Necr           2%         N/A       98%         5
 Yara's Violent Unravell  Hex/Tmut       2%         3d3       98%         5
 Dispersal                Tloc           2%         N/A       100%        6
 Haunt                    Necr/Summ      2%         N/A       100%        7
 Infestation              Necr           2%         N/A       100%        8


Dungeon Overview and Level Annotations

Branches:
Dungeon (10/15)            Temple (1/1) D:5            Lair (1/6) D:9
    Orc (0/2) D:9

Altars:
Ashenzari
Cheibriados
Dithmenos
Elyvilon
Fedhas
Gozag
Hepliaklqana
Kikubaaqudgha
Makhleb
Nemelex Xobeh
Okawaru
Qazlal
Ru
Sif Muna
Trog
Uskayaw
Vehumet
Wu Jian
Xom
Yredelemnul
Zin
The Shining One

Shops:
D:8 ?

Annotations:
D:6 Sigmund
D:10 Fannar


Innate Abilities, Weirdness & Mutations

You have a beak for a mouth.
You have claws for feet.
Your magical nature lets you fly swiftly and evasively.


Message History

Where to? (Enter - Lair:1, ? - help)
What level of the Lair of Beasts? (default 1, ? - help)
There is a staircase to the Lair here.
You fly downwards.
Welcome back to the Lair of Beasts!
The komodo dragon closely misses you. The yak closely misses you.
There is a staircase back to the Dungeon, spattered with blood here.
There are monsters nearby!
The komodo dragon closely misses you. The yak misses you.
You fly upwards.
Welcome back to the Dungeon!
There is a staircase to the Lair here.
Things that are here:
a yak corpse; a komodo dragon skeleton You barely miss the komodo dragon.
You claw the komodo dragon! You peck the komodo dragon.
The komodo dragon is moderately wounded.
The komodo dragon bites you!
You hit the komodo dragon but do no damage.
Lightning courses through the komodo dragon!
You claw the komodo dragon, but do no damage.
You peck the komodo dragon.
The komodo dragon is severely wounded.
The komodo dragon bites you!
You barely miss the komodo dragon. You peck the komodo dragon!
The komodo dragon is almost dead.
You block the komodo dragon's attack.
Casting: Scorch (safe; 1% risk of failure)
Confirm with . or Enter, or press ? or * to list all spells.
Flames lash the yak.
The yak is moderately wounded.
The yak's fire resistance burns away.
The komodo dragon bites you!! The komodo dragon closely misses you.
Casting: Scorch (safe; 1% risk of failure)
Confirm with . or Enter, or press ? or * to list all spells.
Flames lash the komodo dragon.
The komodo dragon is almost dead.
The komodo dragon's fire resistance burns away.
The komodo dragon bites you!
* * * LOW HITPOINT WARNING * * *
The komodo dragon bites you!!
You die...

#..........####.......♣...♣...♣..
#..........#.......P.♣........P..
####.......#............P>.P.♣...
#..>....'........P.P....P.....
#.......###.......P....P..♣...
#.........#..................#
#.........#..........P....P..#
#.........#######...........#.
####............@lY........P...+.
...............########........#.
...............#..........#......
........#####..#.......#..#......
........# #..#.......#..#...###
........# #..#.......#..#...#_†
####....# #..#######'#..#...###
#....# #.............#......
#....# #.............#......


You could see a komodo dragon (combustible) and a yak (combustible).

Vanquished Creatures
  A two-headed ogre (D:8)
  A cane toad (D:9)
  An unseen horror (D:7)
  A komodo dragon (D:9)
  2 trolls (D:10)
  A hornet (D:9)
  Prince Ribbit (D:5)
  Grinder (D:4)
  6 wyverns
  A vampire (D:10)
  2 wraiths
  12 yaks
  A steam dragon (D:10)
  An acid dragon (D:8)
  Edmund (D:4)
  8 water moccasins
  3 sky beasts
  5 black bears
  A centaur (D:8)
  2 phantoms
  3 necrophages
  A kobold brigand (D:7)
  4 bullfrogs
  4 scorpions
  3 wights (D:6)
  3 killer bees (D:8)
  4 howler monkeys
  2 hounds
  3 jellies
  Crazy Yiuf (D:2)
  7 orc priests
  2 gnoll shamans
  3 iguanas
  Terence (D:3)
  4 orc wizards
  Robin (D:2)
  10 gnolls
  6 adders
  3 shadow imps
  2 white imps
  2 worms
  5 dart slugs
  14 orcs
  8 ball pythons
  5 endoplasms
  9 giant cockroaches
  13 goblins
  13 hobgoblins
  12 jackals
  3 quokkas
  3 bats (D:1)
  A frilled lizard (D:2)
  9 kobolds
  3 rats
219 creatures vanquished.

Vanquished Creatures (collateral kills)
  3 foxfires (D:9)
3 creatures vanquished.

Vanquished Creatures (others)
  627 foxfires
  10 plants (D:9)
637 creatures vanquished.

Grand Total: 859 creatures vanquished

Notes
Turn   | Place    | Note
-------+----------+-------------------------------------------
     0 | D:1      | kae the Tengu Fire Elementalist began the quest for the
                  | Orb.
     0 | D:1      | Reached XP level 1. HP: 10/10 MP: 4/4
   100 | D:1      | Reached XP level 2. HP: 15/15 MP: 1/6
   807 | D:1      | Reached XP level 3. HP: 20/20 MP: 2/7
   872 | D:1      | Found a faded altar of an unknown god.
  1317 | D:2      | Identified a scroll of acquirement
  1317 | D:2      | Acquired the +0 buckler "Jedghizy" {rPois rC- rN+ Regen+
                  | Slay+6}
  1341 | D:2      | Found a runed translucent door.
  1342 | D:2      | Noticed Crazy Yiuf
  1485 | D:2      | Learned a level 2 spell: Scorch
  1489 | D:2      | Learned a level 3 spell: Conjure Flame
  1516 | D:2      | Noticed Robin
  1552 | D:2      | Reached skill level 4 in Fire Magic
  1806 | D:2      | Killed Robin
  1807 | D:2      | Reached XP level 4. HP: 18/24 MP: 4/8
  1965 | D:2      | Reached skill level 1 in Fighting
  1965 | D:2      | Reached skill level 1 in Armour
  2655 | D:3      | Gained mutation: Your magical nature lets you fly swiftly
                  | and evasively. [Tengu growth]
  2655 | D:3      | Reached XP level 5. HP: 20/29 MP: 6/9
  2702 | D:2      | Reached skill level 1 in Shields
  2851 | D:2      | Killed Crazy Yiuf
  3546 | D:3      | You are sucked into a shaft and drop 3 floors!
  3560 | D:6      | Reached XP level 6. HP: 21/34 MP: 2/11
  3656 | D:6      | Reached skill level 5 in Fire Magic
  3843 | D:6      | Noticed a sky beast
  3855 | D:6      | Killed a sky beast
  3856 | D:6      | Reached XP level 7. HP: 40/40 MP: 4/12
  4060 | D:5      | Entered Level 5 of the Dungeon
  4468 | D:4      | Reached skill level 6 in Fire Magic
  4525 | D:4      | Noticed Edmund
  4645 | D:5      | Reached XP level 8. HP: 37/45 MP: 6/14
  5014 | D:3      | Noticed Terence
  5024 | D:3      | Killed Terence
  5424 | D:4      | Identified the +7 dagger of Gicyh {speed, Dex+2 SInv}
  5643 | D:4      | Noticed Grinder
  5649 | D:4      | Killed Grinder
  5654 | D:4      | Reached skill level 5 in Conjurations
  6372 | D:4      | Killed Edmund
  6593 | D:5      | Reached skill level 7 in Fire Magic
  6643 | D:5      | Noticed Prince Ribbit
  6655 | D:5      | Killed Prince Ribbit
  6656 | D:5      | Reached XP level 9. HP: 47/51 MP: 7/16
  6811 | D:5      | Found a staircase to the Ecumenical Temple.
  6894 | Temple   | Entered the Ecumenical Temple
  7024 | Temple   | Became a worshipper of Sif Muna the Loreminder
  7132 | D:6      | Noticed Sigmund
  7167 | D:6      | Reached skill level 5 in Dodging
  9275 | D:7      | Noticed a cyclops
  9654 | D:7      | Reached skill level 8 in Fire Magic
  9945 | D:7      | Killed an unseen horror
 10085 | D:7      | Reached * piety under Sif Muna
 10363 | D:8      | Noticed a two-headed ogre
 10372 | D:8      | Killed a two-headed ogre
 10373 | D:8      | Reached skill level 5 in Armour
 10373 | D:8      | Reached skill level 5 in Spellcasting
 10373 | D:8      | Reached XP level 10. HP: 36/58 MP: 3/18
 10564 | D:8      | Found Zuneih's Magic Scroll Emporium.
 10985 | D:8      | Reached skill level 9 in Fire Magic
 11663 | D:8      | Reached skill level 5 in Fighting
 12128 | D:9      | Reached skill level 1 in Evocations
 12210 | D:9      | Found a shadowy altar of Dithmenos.
 12215 | D:9      | Found a staircase to the Lair.
 12228 | D:9      | Reached skill level 1 in Invocations
 12478 | D:9      | Reached ** piety under Sif Muna
 12644 | D:9      | Paralysed by a hornet for 3 turns
 12805 | D:9      | Found a glowing golden altar of the Shining One.
 12811 | D:9      | Found a snail-covered altar of Cheibriados.
 12816 | D:9      | Found a basalt altar of Yredelemnul.
 13216 | D:9      | Reached XP level 11. HP: 51/64 MP: 3/20
 13371 | D:9      | Found a staircase to the Orcish Mines.
 13459 | D:10     | Entered Level 10 of the Dungeon
 13656 | D:10     | Found a sacrificial altar of Ru.
 13765 | D:10     | Noticed Fannar
 13908 | D:10     | Learned a level 4 spell: Flame Wave
 13913 | D:10     | Learned a level 4 spell: Sticky Flame
 13917 | D:10     | Learned a level 3 spell: Inner Flame
 13984 | D:10     | Reached skill level 10 in Fire Magic
 14800 | Lair:1   | Entered Level 1 of the Lair of Beasts
 15299 | D:9      | Slain by a komodo dragon

Illustrated notes

Levels and vault maps discovered:
D:1:      psy_arrival_statuary, layout_basic,
          hellmonk_ecumenical_altar_dog_temple, chequers_mini_garden
D:2:      layout_loops_corners, nrook_mini_backslash, uniq_crazy_yiuf_cottage,
          uniq_robin
D:3:      layout_basic, chequers_serial_rivers_small_a, uniq_terence
D:4:      black_bear_nest_1, layout_basic, uniq_edmund, uniq_grinder
D:5:      layout_rooms, minmay_temple_entry_glassed_door, uniq_prince_ribbit1
D:6:      layout_layer_cave, uniq_sigmund
D:7:      layout_basic, minmay_misc_feat_four_crosses, wad_mini_maze
D:8:      layout_basic, serial_shops, nicolae_stop_n_shop_1
D:9:      layout_irregular_city, kennysheep_mini_moat,
          grunt_temple_overflow_diamond, minmay_lair_entry_grove, st_stairs_8
D:10:     layout_stronghold, mainiacjoe_overflow_brackets, uniq_fannar
Temple:   minmay_crystal_spiral_temple
Lair:1:   layout_chaotic_city

Skill      XL: |  1  2  3  4  5  6  7  8  9 10 11 |
---------------+----------------------------------+-----
Conjurations   | 2 3 4 5 6 7 8 |  8.3
Fire Magic     | 4 5 6 7 8 9 10 | 10.3
Fighting       | 1 2 3 4 5 6 |  6.1
Armour         | 1 2 4 5 6 |  6.7
Shields        | 1 2 3 4 |  4.0
Dodging        | 3 4 6 7 |  7.3
Spellcasting   | 3 4 5 6 |  6.0
Evocations     | 2 3 |  3.1
Invocations    | 1 2 |  2.7
Stealth        | |  2.0

Action                   |  1- 3 |  4- 6 |  7- 9 | 10-12 || total
-------------------------+-------+-------+-------+-------++-------
Melee: Unarmed           |     6 |       |       |       ||     6
       Kick              |     4 |     5 |    12 |    25 ||    46
       Hand axe          |    10 |    21 |     6 |       ||    37
       Peck              |     3 |     2 |     7 |    17 ||    29
       Whip              |       |       |    35 |    58 ||    93
 Cast: Foxfire           |    66 |    47 |   139 |   118 ||   370
       Scorch            |       |    20 |    67 |    93 ||   180
       Conjure Flame     |       |     3 |     4 |     6 ||    13
       Inner Flame       |       |       |       |     1 ||     1
Evoke: Wand              |       |       |       |     2 ||     2
  Use: Scroll            |     6 |       |    10 |     9 ||    25
       Potion            |       |       |       |     1 ||     1
 Stab: Sleeping          |       |       |     2 |       ||     2
       Distracted        |       |       |     1 |       ||     1
Armor: Robe              |    12 |    14 |    10 |    51 ||    87
Dodge: Dodged            |    42 |    32 |    86 |   186 ||   346
Block: Buckler           |     3 |     7 |    31 |    43 ||    84

Table legend: (Time is in decaauts)
 A = Elapsed time spent in this place.
 B = Non-inter-level travel time spent in this place.
 C = Inter-level travel time spent in this place.
 D = Time resting spent in this place.
 E = Time spent auto-exploring this place.
 F = Levels seen in this place.
 G = Mean time per level.
                   A        B        C        D        E       F      G
               +--------+--------+--------+--------+--------+-----+--------+
         Total |  14671 |  14210 |    461 |   1626 |  10234 |  12 | 1222.6 |
       Dungeon |  14266 |  13886 |    380 |   1626 |  10019 |  10 | 1426.6 |
        Temple |    196 |    117 |     79 |      0 |     99 |   1 |  196.0 |
          Lair |    208 |    206 |      2 |      0 |    115 |   1 |  208.0 |
               +--------+--------+--------+--------+--------+-----+--------+

Top non-repeatable levels by time:
     D:9: 1914 daAuts
     D:7: 1862 daAuts
     D:2: 1765 daAuts
     D:6: 1663 daAuts
     D:8: 1376 daAuts
     D:4: 1371 daAuts
     D:1: 1313 daAuts
    D:10: 1247 daAuts
     D:5: 945 daAuts
     D:3: 806 daAuts
  Lair:1: 208 daAuts
  Temple: 196 daAuts
